 Dungeon Crawl Stone Soup version 0.27-a0-1502-g47ed6a6988 (webtiles) character file.

Game seed: 4007707091800650699

193 garrulousMonolith the Digger (level 5, 0/30 HPs)
             Began as a Gargoyle Earth Elementalist on July 8, 2021.
             Slain by a scorpion (3 damage)
             ... on level 3 of the Dungeon.
             The game lasted 00:03:16 (2962 turns).

garrulousMonolith the Digger (GrEE)                 Turns: 2962, Time: 00:03:17

Health: 0/30       AC:  8    Str: 11    XL:     5   Next: 72%
Magic:  3/9        EV: 11    Int: 17    God:
Gold:   118        SH:  0    Dex: 10    Spells: 3/9 levels left

rFire    . . .     SeeInvis .   a - +2 spear (venom)
rCold    . . .     Faith    .   (no shield)
rNeg     + . .     Spirit   .   m - +0 leather armour
rPois    ∞         Reflect  .   (no helmet)
rElec    +         Harm     .   e - +0 cloak
rCorr    .         Rampage  .   (no gloves)
Will     .....                  (no boots)
Stlth    ++........             (no amulet)
HPRegen  0.10/turn              i - ring of flight
MPRegen  0.11/turn              (no ring)

@: flying, very slightly contaminated
A: sickness immunity, AC +4, negative energy resistance 1, electricity
resistance, torment resistance 1, petrification resistance
a: no special abilities


You were on level 3 of the Dungeon.
You visited 1 branch of the dungeon, and saw 4 of its levels.

You collected 118 gold pieces.

Inventory:

Hand Weapons
 a - a +2 spear of venom (weapon)
Missiles
 c - 105 stones
 d - 3 datura-tipped darts
Armour
 e - a +0 cloak (worn)
 m - a +0 leather armour (worn)
Jewellery
 i - a ring of flight (left hand)
Scrolls
 b - a scroll of enchant armour {unknown}
 f - a scroll of magic mapping {unknown}
 k - a scroll of vulnerability
 l - a scroll of identify {unknown}
 o - a scroll of silence {unknown}
Potions
 h - a potion of ambrosia {unknown}
 j - a potion of lignification {unknown}
 n - a potion of might {unknown}


   Skills:
 + Level 2.0 Fighting
 + Level 2.4 Dodging
 - Level 2.1 Stealth
 + Level 2.7 Spellcasting
 * Level 2.4 Conjurations
 - Level 1.0 Transmutations
 * Level 4.9 Earth Magic


You had 3 spell levels left.
You knew the following spells:

 Your Spells              Type           Power      Damage    Failure   Level
a - Sandblast             Erth           38%        2d10      3%          1
b - Stone Arrow           Conj/Erth      28%        3d8       16%         3
c - Passwall              Tmut/Erth      10%        N/A       11%         2

Your spell library contained the following spells:

 Spells                   Type           Power      Damage    Failure   Level
 Animate Skeleton         Necr           4%         N/A       24%         1
 Pain                     Necr           8%         1d4       24%         1
 Summon Small Mammal      Summ           8%         N/A       24%         1
 Call Canine Familiar     Summ           2%         N/A       56%         3
 Summon Guardian Golem    Hex/Summ       2%         N/A       56%         3
 Vampiric Draining        Necr           1%         2d6       56%         3
 Petrify                  Tmut/Erth      12%        N/A       56%         4


Dungeon Overview and Level Annotations

Branches:
Dungeon (4/15)
 Temple: D:4-7

Altars:

Shops:
D:1 [[


Innate Abilities, Weirdness & Mutations

You are immune to sickness and miasma.
Your stone body is resilient. (AC +4)
You are immune to poison.
You resist negative energy. (rN+)
You are resistant to electric shocks. (rElec)
You are resistant to unholy torment.
You are immune to petrification.


Message History

* * * LOW HITPOINT WARNING * * *
Casting: Sandblast (safe; 3% risk of failure)
Confirm with . or Enter, or press ? or * to list all spells.
Aiming: Sandblast (safe; 3% risk of failure)
Press: ? - help, Shift-Dir - straight line, f - scorpion
Aim: a scorpion (79% to hit)
You miscast Sandblast.
You are very lightly contaminated with residual magic.
Nothing appears to happen.
The scorpion barely misses you.
Casting: Sandblast (safe; 3% risk of failure)
Confirm with . or Enter, or press ? or * to list all spells.
Aiming: Sandblast (safe; 3% risk of failure)
Press: ? - help, Shift-Dir - straight line, f/p - scorpion
Aim: a scorpion (79% to hit)
The blast of sand misses the scorpion.
The scorpion misses you.
Casting: Sandblast (safe; 3% risk of failure)
Confirm with . or Enter, or press ? or * to list all spells.
Aiming: Sandblast (safe; 3% risk of failure)
Press: ? - help, Shift-Dir - straight line, f/p - scorpion
Aim: a scorpion (79% to hit)
The blast of sand hits the scorpion.
The scorpion is lightly wounded.
The scorpion stings you.
* * * LOW HITPOINT WARNING * * *
Casting: Sandblast (safe; 3% risk of failure)
Confirm with . or Enter, or press ? or * to list all spells.
Aiming: Sandblast (safe; 3% risk of failure)
Press: ? - help, Shift-Dir - straight line, f/p - scorpion
Aim: a scorpion (lightly wounded, 79% to hit)
The blast of sand hits the scorpion.
The scorpion is moderately wounded.
The scorpion stings you.
* * * LOW HITPOINT WARNING * * *
The scorpion closely misses you.
Okay, then.
Okay, then.
You closely miss the scorpion.
The scorpion is moderately wounded.
The scorpion stings you.
You die...

####### ......#
#####.# #.#
#####.## .......#
########## #####..#
#...)@s..# # #..#
#.######.# # #..#
#.# #.# # #..# #.#
#.# # ###.<#####.#
#.# #
#..........######.#
#
#.#..######.......#
# #.#..# #.#######
###....# #.#


You could see a scorpion.

Vanquished Creatures
  A hound (D:3)
  A jelly (D:4)
  An orc priest (D:4)
  3 adders
  A worm (D:2)
  5 dart slugs
  4 orcs
  3 ball pythons
  6 bats
  9 endoplasms
  2 giant cockroaches
  2 goblins
  6 hobgoblins
  2 quokkas (D:1)
  2 frilled lizards (D:1)
  3 kobolds
  6 rats
57 creatures vanquished.

Notes
Turn   | Place    | Note
-------+----------+-------------------------------------------
     0 | D:1      | garrulousMonolith the Gargoyle Earth Elementalist began the
                  | quest for the Orb.
     0 | D:1      | Reached XP level 1. HP: 10/10 MP: 3/3
    39 | D:1      | Found Gyotoir's Armour Boutique.
    44 | D:1      | Found Tyrhiusm's Armour Shoppe.
    89 | D:1      | Reached skill level 1 in Transmutations
    89 | D:1      | Reached XP level 2. HP: 16/16 MP: 5/5
   129 | D:1      | Found a faded altar of an unknown god.
   308 | D:1      | Reached skill level 1 in Fighting
   542 | D:1      | Reached XP level 3. HP: 16/20 MP: 6/6
   655 | D:1      | Learned a level 3 spell: Stone Arrow
   658 | D:1      | Learned a level 2 spell: Passwall
   720 | D:1      | Reached skill level 4 in Earth Magic
  1335 | D:2      | Reached skill level 1 in Conjurations
  1475 | D:2      | Reached XP level 4. HP: 19/25 MP: 7/7
  2614 | D:4      | Reached XP level 5. HP: 19/30 MP: 8/8
  2962 | D:3      | Slain by a scorpion

Illustrated notes

Levels and vault maps discovered:
D:1:      dpeg_arrival_tiny_a, layout_loops_ring, serial_shops,
          nicolae_diamond_shop, shop, hellmonk_ecumenical_altar_arch_garden
D:2:      layout_basic, nicolae_underground_beach
D:3:      layout_loops_ring
D:4:      gammafunk_wand_slinger, layout_basic, chequers_serial_rivers_small_b,
          uniq_menkaure

Skill      XL: |  1  2  3  4  5 |
---------------+----------------+-----
Transmutations | 1 |  1.0
Fighting       | 1 2 |  2.0
Earth Magic    | 4 |  4.9
Dodging        | 2 |  2.4
Conjurations   | 1 2 |  2.4
Stealth        | |  2.1
Spellcasting   | |  2.7

Action                   |  1- 3 |  4- 6 || total
-------------------------+-------+-------++-------
Melee: Spear             |   100 |    50 ||   150
 Cast: Sandblast         |       |     7 ||     7
  Use: Scroll            |       |     1 ||     1
       Potion            |       |     2 ||     2
 Stab: Sleeping          |    11 |     4 ||    15
Armor: Robe              |    13 |     1 ||    14
       Leather armour    |       |    19 ||    19
Dodge: Dodged            |    44 |    30 ||    74

Table legend: (Time is in decaauts)
 A = Elapsed time spent in this place.
 B = Non-inter-level travel time spent in this place.
 C = Inter-level travel time spent in this place.
 D = Time resting spent in this place.
 E = Time spent auto-exploring this place.
 F = Levels seen in this place.
 G = Mean time per level.
                   A        B        C        D        E       F      G
               +--------+--------+--------+--------+--------+-----+--------+
         Total |   2976 |   2899 |     77 |    339 |   2154 |   4 |  744.0 |
       Dungeon |   2976 |   2899 |     77 |    339 |   2154 |   4 |  744.0 |
               +--------+--------+--------+--------+--------+-----+--------+

Top non-repeatable levels by time:
     D:2: 976 daAuts
     D:1: 935 daAuts
     D:3: 932 daAuts
     D:4: 132 daAuts
